 Dungeon Crawl Stone Soup version 0.18-a0-1186-gd02dc51 (webtiles) character file.

69 4thArraOfDagon the Gusty (level 4, -4/33 HPs)
             Began as a Centaur Air Elementalist on Jan 28, 2016.
             Killed by divine providence
             ... invoked by an orc priest
              (15 damage)
             ... on level 3 of the Dungeon.
             The game lasted 00:05:51 (816 turns).

4thArraOfDagon the Gusty (Centaur Air Elementalist)  Turns: 816, Time: 00:05:51

Health: -4/33      AC:  4    Str: 11    XL:     4   Next: 2%
Magic:  13/16      EV:  4    Int: 15    God:
Gold:   103        SH:  0    Dex:  9    Spells: 3 memorised, 1 level left

rFire  . . .     SeeInvis .     n - +0 spear
rCold  . . .     Gourm    .     a - +0 robe
rNeg   . . .     Faith    .     (no shield)
rPois  .         Spirit   .     (no helmet)
rElec  .         Dismiss  .     (no cloak)
rCorr  .         Reflect  .     (no gloves)
SustAt .         Harm     .     (no barding)
MR     .....                    (no amulet)
Stlth  +.........               k - ring of magical power
                                e - ring of wizardry

@: repel missiles, very quick, not resistant to hostile enchantments, very
unstealthy
A: hooves 3, deformed body, speed 2, tough skin 3
a: no special abilities


You were on level 3 of the Dungeon.
You were not hungry.

You visited 1 branch of the dungeon, and saw 3 of its levels.

You collected 103 gold pieces.

Inventory:

Hand Weapons
 n - a +0 spear (weapon)
Armour
 a - a +0 robe (worn)
Jewellery
 e - a ring of wizardry (left hand)
 g - a +3 ring of strength
 k - a ring of magical power (right hand)
 u - a +2 ring of strength
Scrolls
 d - a scroll of amnesia {unknown}
 l - 2 scrolls of magic mapping {unknown}
 p - a scroll of teleportation {unknown}
 q - a scroll of blinking {unknown}
Potions
 f - 2 potions of agility {unknown}
 h - 3 potions of curing {unknown}
 i - a potion of resistance {unknown}
 j - a potion of magic {unknown}
 r - a potion of flight {unknown}
 s - a potion of heal wounds {unknown}
 t - 2 potions of poison {unknown}
Books
 b - a book of Air

   Spells                             Type                      Level
   a - Shock                          Conjuration/Air              1
   b - Swiftness                      Charms/Air                   2
   c - Repel Missiles                 Charms/Air                   2
   d - Static Discharge               Conjuration/Air              3
   e - Lightning Bolt                 Conjuration/Air              5
Comestibles
 c - 2 bread rations
 m - a meat ration
 o - a slice of pizza


   Skills:
 - Level 1.3 Dodging
 - Level 1.2 Stealth
 + Level 2.1 Spellcasting
 * Level 2.1 Conjurations
 * Level 3.5 Air Magic


You had one spell level left.
You knew the following spells:

 Your Spells              Type           Power        Failure   Level  Hunger
a - Shock                 Conj/Air       ##..         4%          1    #......
b - Repel Missiles        Chrm/Air       #.....       7%          2    ###....
c - Static Discharge      Conj/Air       ##......     10%         3    ###....


Dungeon Overview and Level Annotations

Branches:
Dungeon (3/15)

Altars:


Innate Abilities, Weirdness & Mutations

You have hooves in place of feet.
Armour fits poorly on your strangely shaped body.
You cover ground very quickly.
You have extremely tough skin (AC +3).


Message History

Found 16 stones.
An adder comes into view.
The orc shouts! x2; The orc priest shouts!
You see here a robe.
Unknown command.
The orc hits you but does no damage.
Unknown command.
The orc hits you with a trident.
Unknown command.
Unknown command.
The orc closely misses you.
Unknown command.
Unknown command.
Unknown command.
Unknown command.
There is a stone staircase leading down here.
Unknown command.
The orc priest calls down the wrath of Beogh upon you.
Something smites you!
You die...

#........###[......#
..o.......o.#
#......##
#..#...[....#
#.#...##
(............#
#.#####
.####........###.#
#......So....#
#............##
#.............#
.........@)<#....
#....(....%.####..
########...# ##
#...# #...# #####


You could see an orc priest, an adder and an orc.

Vanquished Creatures
  A centaur zombie (D:3)
  An ooze (D:2)
  An orc (D:3)
  A ball python (D:1)
  A giant cockroach (D:2)
  6 goblins
  2 hobgoblins (D:2)
  6 jackals (D:2)
  2 kobolds
  A quokka (D:2)
  3 giant newts
  2 rats (D:1)
27 creatures vanquished.

Notes
Turn   | Place    | Note
--------------------------------------------------------------
     0 | D:1      | 4thArraOfDagon the Centaur Air Elementalist began the quest for the Orb.
     0 | D:1      | Reached XP level 1. HP: 14/14 MP: 3/3
   151 | D:1      | Reached skill level 1 in Conjurations
   172 | D:1      | Reached XP level 2. HP: 18/20 MP: 1/4
   252 | D:1      | Reached skill level 3 in Air Magic
   294 | D:2      | Found a faded altar to an unknown god.
   393 | D:2      | Learned a level 2 spell: Repel Missiles
   602 | D:2      | Reached XP level 3. HP: 16/26 MP: 5/5
   754 | D:3      | Learned a level 3 spell: Static Discharge
   790 | D:3      | Reached XP level 4. HP: 13/33 MP: 7/7
   816 | D:3      | Killed from afar by an orc priest

Vault maps used:
D:1:      shiori_arrival_oz, minmay_misc_feat_encased
D:2:      ecumenical_altar_2
D:3:      minmay_statues_item

Action                   |  1- 3 |  4- 6 || total
-------------------------+-------+-------++-------
Melee: Dagger            |    11 |       ||    11
       Unarmed           |     1 |       ||     1
       Spear             |    13 |       ||    13
 Cast: Shock             |    39 |       ||    39
       Repel Missiles    |     1 |       ||     1
